 Dungeon Crawl Stone Soup version 0.20.1-1-g8b1a95d (webtiles) character file.

2481 Jazqa the Fighter (level 9, -2/82 HPs)
             Began as a Minotaur Fighter on Oct 25, 2017.
             Was a Believer of Elyvilon.
             Slain by a two-headed ogre
             ... wielding a +0 giant spiked club
              (8 damage)
             ... on level 8 of the Dungeon.
             The game lasted 00:09:21 (7060 turns).

Jazqa the Fighter (Minotaur Fighter)                Turns: 7060, Time: 00:09:22

Health: -2/82      AC:  7    Str: 22    XL:     9   Next: 27%
Magic:  10/10      EV: 10    Int:  5    God:    Elyvilon [**....]
Gold:   343        SH: 10    Dex: 12    Spells: 8/8 levels left

rFire    . . .     SeeInvis .   a - +0 long sword
rCold    + . .     Gourm    .   c - +0 shield
rNeg     . . .     Faith    .   b - +0 scale mail
rPois    .         Spirit   .   (helmet restricted)
rElec    .         Reflect  .   (no cloak)
rCorr    .         Harm     .   (no gloves)
MR       +....                  (no boots)
Stlth    ..........             (no amulet)
Regen    0.3/turn               M - ring of protection from magic
MPRegen  0.2/turn               C - ring of protection from cold

@: protection, drained
A: retaliatory headbutt, horns 2
a: Lesser Healing, Heal Other, Divine Protection, Renounce Religion


You were on level 8 of the Dungeon.
You worshipped Elyvilon.
Elyvilon was pleased with you.
You were not hungry.

You visited 1 branch of the dungeon, and saw 8 of its levels.

You collected 343 gold pieces.


Innate Abilities, Weirdness & Mutations

You reflexively headbutt those who attack you in melee.
You have a pair of horns on your head.


   Skills:
 + Level 8.8(8.6) Fighting
 + Level 8.2(8.0) Long Blades
 + Level 5.7(5.5) Armour
 + Level 4.5(4.3) Dodging
 + Level 6.3(6.1) Shields
 + Level 3.9(3.7) Invocations


You had 8 spell levels left.
You didn't know any spells.

Inventory:

Hand Weapons
 a - a +0 long sword (weapon)
Armour
 b - a +0 scale mail (worn)
 c - a +0 shield (worn)
Jewellery
 C - a ring of protection from cold (right hand)
 M - a ring of protection from magic (left hand)
Wands
 o - a wand of random effects (25/48)
 s - a wand of random effects (23/48)
 v - a wand of scattershot (3/9)
Scrolls
 e - 2 scrolls of magic mapping
 g - 4 scrolls of remove curse {@r2}
 i - 4 scrolls of identify {@r1}
 j - 5 scrolls of teleportation {unknown}
 l - a scroll of immolation {!r}
 m - a scroll of fear
 r - a scroll of recharging {unknown}
 y - a scroll of enchant armour {unknown}
Potions
 d - 2 potions of might
 h - 3 potions of curing {@q1}
 k - 4 potions of haste {@q3}
 n - 2 potions of lignification {!q}
 p - a potion of flight
 t - a potion of mutation {unknown}
 w - a potion of heal wounds {unknown}
Books
 x - a book of Misfortune

   Spells                             Type                      Level
   a - Confusing Touch                Hexes                        1
   b - Confuse                        Hexes                        3
   c - Gell's Gravitas                Translocation                3
   d - Petrify                        Transmutation/Earth          4
   e - Metabolic Englaciation         Hexes/Ice                    5
   f - Yara's Violent Unravelling     Hexes/Transmutation          5
Comestibles
 f - 5 bread rations {@e1}
 q - 2 royal jellies {@e3}
 u - 2 fruits {@e2}

Dungeon Overview and Level Annotations

Branches:
Dungeon (8/15)             Temple (0/1) D:6
   Lair: D:8-11

Altars:
Dithmenos
Elyvilon
Fedhas
Gozag
Hepliaklqana
Kikubaaqudgha
Makhleb
Uskayaw
Vehumet
Xom
Yredelemnul
The Shining One

Shops:
D:4 :   D:5 ? D:6

? #....
#....
#...#
#...#
...#
..# #O#
#.# #@#
#.###.#
#.#...#
#.#.###
#.#.#
#.#.#
#^#.#
#.#.#
#.#.#


You could see a two-headed ogre.


Message History

You slash the two-headed ogre! You headbutt the two-headed ogre!
The two-headed ogre is severely wounded.
You hit the two-headed ogre but do no damage.
The two-headed ogre is severely wounded.
You block the two-headed ogre's attack.
The two-headed ogre hits you with a giant club!!
Elyvilon protects you from harm!
Your shield and scale mail prevent you from hitting the two-headed ogre.
The two-headed ogre is severely wounded.
You block the two-headed ogre's attack.
The two-headed ogre hits you with a giant club!
Elyvilon protects you from harm!
Your shield and scale mail prevent you from hitting the two-headed ogre.
The two-headed ogre is severely wounded.
The two-headed ogre closely misses you. x2
You barely miss the two-headed ogre.
The two-headed ogre is severely wounded.
The two-headed ogre barely misses you. x2
You barely miss the two-headed ogre.
The two-headed ogre is severely wounded.
You hit the two-headed ogre.
Your headbutt misses the two-headed ogre.
The two-headed ogre is almost dead.
You block the two-headed ogre's attack. The two-headed ogre barely misses you.
You hit the two-headed ogre but do no damage.
You headbutt the two-headed ogre!
The two-headed ogre is almost dead.
The two-headed ogre closely misses you.
The two-headed ogre hits you with a giant club!
You die...

Skill      XL: |  1  2  3  4  5  6  7  8  9 |
---------------+----------------------------+-----
Long Blades    | 3 4 5 6 7 8 |  8.2
Fighting       | 4 5 6 7 8 |  8.8
Dodging        | 2 4 |  4.5
Armour         | 4 5 |  5.7
Invocations    | 2 3 |  3.9
Shields        | 4 5 6 |  6.3

Action                   |  1- 3 |  4- 6 |  7- 9 || total
-------------------------+-------+-------+-------++-------
Melee: Long sword        |    71 |   125 |   275 ||   471
       Headbutt          |     9 |    31 |    73 ||   113
Invok: Divine Protection |       |       |     1 ||     1
  Use: Scroll            |       |     9 |       ||     9
  Eat: Chunk             |     1 |     7 |    10 ||    18
       Royal jelly       |       |       |     1 ||     1
Armor: Scale mail        |    35 |    32 |    68 ||   135
Dodge: Dodged            |    17 |    30 |    76 ||   123
Block: Shield            |    47 |    57 |   145 ||   249
       Rpst.: Long sword |     4 |     7 |    25 ||    36

Vault maps used:
D:1:      minmay_arrival_five_plusses
D:2:      lemuel_crystal_altar, nicolae_ru_awakened_eye
D:3:      kennysheep_the_goblin_king
D:4:      lemuel_coloured_pillars_altar, kennysheep_little_box, serial_shops,
          kennysheep_mini_moat, uniq_ijyb
D:5:      marbit_many_paths, xom_redecorated, first_bread, serial_shops,
          nicolae_shop_behind_doors
D:6:      fedhas_bush_and_centaur_altar, minmay_temple_entry_junction,
          serial_shops, kennysheep_mini, nicolae_gozag_seed_capital
D:7:      nicolae_overflow_hidden_temple, nicolae_overflow_crystal_walls,
          yredelemnul_forgotten_temple_becter, nicolae_tso_swordbearing_angel,
          lemuel_mausoleum_altar_kikubaaqudgha, makhleb_altar_promises_db,
          kennysheep_generic_room_2

Notes
Turn   | Place    | Note
-------+----------+-------------------------------------------
     0 | D:1      | Jazqa the Minotaur Fighter began the quest for the Orb.
     0 | D:1      | Reached XP level 1. HP: 19/19 MP: 0/0
   223 | D:1      | Reached skill level 3 in Long Blades
   223 | D:1      | Reached XP level 2. HP: 26/27 MP: 1/1
   396 | D:1      | Reached skill level 4 in Fighting
   710 | D:2      | Reached XP level 3. HP: 24/33 MP: 2/2
  1066 | D:3      | Reached skill level 4 in Long Blades
  1070 | D:3      | Reached XP level 4. HP: 17/41 MP: 3/3
  1074 | D:3      | Reached skill level 5 in Fighting
  1840 | D:4      | Reached XP level 5. HP: 46/48 MP: 4/4
  1858 | D:4      | Noticed an ogre
  1865 | D:4      | Killed an ogre
  1865 | D:4      | Reached skill level 6 in Fighting
  1865 | D:4      | Reached skill level 5 in Long Blades
  2287 | D:4      | Reached XP level 6. HP: 53/57 MP: 5/5
  2499 | D:4      | Reached skill level 6 in Long Blades
  2720 | D:4      | Found Vool Wua's Book Emporium.
  2822 | D:4      | Found a shadowy altar of Dithmenos.
  2932 | D:4      | Found a white marble altar of Elyvilon.
  3052 | D:4      | Noticed Ijyb
  3061 | D:4      | Killed Ijyb
  3140 | D:4      | Became a worshipper of Elyvilon the Healer
  3263 | D:5      | Entered Level 5 of the Dungeon
  3274 | D:5      | Reached skill level 7 in Fighting
  3322 | D:5      | Found a radiant altar of Vehumet.
  3351 | D:5      | Found Nuonuq's Magic Scroll Boutique.
  3458 | D:5      | Found a shimmering altar of Xom.
  3459 | D:5      | Found a shimmering altar of Xom.
  3501 | D:5      | Reached XP level 7. HP: 62/66 MP: 6/6
  3567 | D:5      | Reached * piety under Elyvilon
  3645 | D:5      | Found a shimmering altar of Xom.
  3648 | D:5      | Found a shimmering altar of Xom.
  3650 | D:5      | Found a shimmering altar of Xom.
  3690 | D:5      | Reached skill level 1 in Dodging
  3798 | D:5      | Reached skill level 4 in Armour
  3806 | D:5      | Reached skill level 1 in Invocations
  3967 | D:5      | Reached skill level 4 in Shields
  4044 | D:6      | Found an opulent altar of Gozag.
  4100 | D:6      | Reached skill level 2 in Dodging
  4108 | D:6      | Found Wuskol's Magic Scroll Emporium.
  4161 | D:6      | Reached skill level 7 in Long Blades
  4179 | D:6      | Reached skill level 2 in Invocations
  4364 | D:6      | Found a staircase to the Ecumenical Temple.
  4376 | D:6      | Reached XP level 8. HP: 74/74 MP: 8/8
  4495 | D:6      | Found a blossoming altar of Fedhas.
  4803 | D:6      | Reached ** piety under Elyvilon
  4892 | D:6      | Reached skill level 3 in Dodging
  4892 | D:6      | Reached skill level 5 in Shields
  5088 | D:6      | Reached skill level 5 in Armour
  5303 | D:6      | Reached skill level 8 in Fighting
  5376 | D:6      | Reached skill level 3 in Invocations
  5985 | D:7      | Found a burning altar of Makhleb.
  5985 | D:7      | Noticed a green death
  6018 | D:7      | Found a hide-covered altar of Uskayaw.
  6052 | D:7      | Found an ancient bone altar of Kikubaaqudgha.
  6096 | D:7      | Reached skill level 8 in Long Blades
  6096 | D:7      | Reached skill level 4 in Dodging
  6096 | D:7      | Reached XP level 9. HP: 16/82 MP: 10/10
  6415 | D:7      | Reached skill level 6 in Shields
  6655 | D:7      | Found a glowing golden altar of the Shining One.
  6704 | D:7      | Found a hazy altar of Hepliaklqana.
  6878 | D:7      | Found a basalt altar of Yredelemnul.
  7045 | D:8      | Noticed a two-headed ogre
  7051 | D:8      | HP: 4/82 [two-headed ogre/giant spiked club (16)]
  7052 | D:8      | Elyvilon protects you from harm!
  7054 | D:8      | Elyvilon protects you from harm!
  7055 | D:8      | Elyvilon protects you from harm!
  7060 | D:8      | Slain by a two-headed ogre

Vanquished Creatures
  2 wraiths (D:7)
  A sky beast (D:6)
  5 ogres
  A necrophage (D:7)
  2 centaurs (D:6)
  A scorpion (D:6)
  6 wights
  4 howler monkeys
  3 crimson imps
  A quasit (D:8)
  A bullfrog zombie (D:7)
  4 hounds
  2 jellies
  2 human zombies (D:7)
  2 iguanas
  Ijyb (D:4)
  A human skeleton (D:7)
  5 orc wizards
  3 worker ants
  3 mummies (D:7)
  6 adders
  6 gnolls
  A shadow imp (D:6)
  3 oozes
  4 leopard geckos
  13 orcs
  7 giant cockroaches
  13 goblins
  8 hobgoblins
  A jackal (D:7)
  6 kobolds
  4 quokkas
  A ball python (D:3)
  3 bats
  4 frilled lizards
  A leopard gecko skeleton (D:5)
  A quokka skeleton (D:6)
  5 rats
  A spectral orc (D:7)
138 creatures vanquished.
